Cogmind - Beta 15 @@@ ROGUE MODE // 2025.07.26 @ 11:17:30 Player: AshCrow Result: Destroyed by G-50 Soldier with Heavy Laser Performance ------------- Evolutions (4) 2000 Regions Visited (7) 1400 Robots Destroyed (84) 420 Value Destroyed (3174) 3174 Prototype IDs (4) 80 Alien Tech Used (0) 0 Bonus (500) 500 TOTAL SCORE: 7574 Bonus ------- Entered DSFs 500 Cogmind --------- Core Integrity 0/850 Matter 152/300 Energy 72/100 System Corruption 12% Temperature Cool (26) Movement Core (450) Ox8 Location -6/Factory Parts ------- > --- POWER (2) -------- (None) > --- PROPULSION (5) --- (None) > --- UTILITY (4) ------ Medium Storage Unit Improved Medium Armor Plating > --- WEAPON (4) ------- Gatling Laser Flak Cannon > --- INVENTORY (10) --- Nuclear Core Angular Momentum Engine Coolant Injector Gauss Rifle Gauss Rifle Gauss Rifle Flak Cannon Proton Missile Launcher Peak State ------------ > --- POWER ------------ Angular Momentum Engine Angular Momentum Engine > --- PROPULSION ------- Advanced Treads Medium Treads Medium Treads Medium Treads Medium Treads > --- UTILITY ---------- Medium Storage Unit Advanced Sensor Array Hardened Heavy Armor Plating > --- WEAPON ----------- Heavy Machine Gun Heavy Machine Gun Heavy Machine Gun Flak Cannon > --- INVENTORY -------- Nuclear Core Angular Momentum Engine Angular Momentum Engine Medium Treads Authchip [R/Combat] Authchip [R/Combat] Gatling Laser Gauss Rifle Flak Cannon Advanced EMP Blaster [Rating: 65] Favorites ----------- Power Angular Momentum Engine Engine Angular Momentum Engine Power Core Nuclear Core Propulsion Light Treads Treads Light Treads Leg Aluminum Leg Utility Medium Storage Unit Device Seismic Detector Storage Medium Storage Unit Protection Hardened Heavy Armor Plating Weapon Heavy Machine Gun Energy Gun Small Laser Ballistic Gun Heavy Machine Gun Ballistic Cannon Flak Cannon Launcher Advanced EMP Blaster Special Weapon Mining Laser Build | -11 -10 -9 -9 -8 -7 -7 -6 ------- Run | Yrd Mat Mat Min Mat Fac DSF Fac Slots Evolved 8 | . . 2 . 2 2 . 2 Power 1 | . . . . . 1 . . Propulsion 3 | . . 2 . . . . 1 Utility 2 | . . . . 1 1 . . Weapon 2 | . . . . 1 . . 1 Parts Attached 73 | 8 9 16 1 9 . 9 21 Power 10 | 1 2 3 . . . 3 1 Engine 9 | 1 2 2 . . . 3 1 Core 1 | . . 1 . . . . . Reactor . | . . . . . . . . Propulsion 18 | 2 1 4 . 3 . 4 4 Treads 17 | 2 1 3 . 3 . 4 4 Leg 1 | . . 1 . . . . . Wheel . | . . . . . . . . Hover . | . . . . . . . . Flight . | . . . . . . . . Utility 18 | 3 1 3 . 4 . 1 6 Device 6 | 2 . . . 1 . . 3 Storage 4 | 1 1 2 . . . . . Processor . | . . . . . . . . Hackware . | . . . . . . . . Protection 8 | . . 1 . 3 . 1 3 Artifact . | . . . . . . . . Weapon 27 | 2 5 6 1 2 . 1 10 Energy Gun 5 | 2 . 2 . . . . 1 Energy Cannon . | . . . . . . . . Ballistic Gun 15 | . 3 3 1 1 . . 7 Ballistic Cannon 2 | . . . . 1 . . 1 Launcher 3 | . . 1 . . . 1 1 Special Weapon 2 | . 2 . . . . . . Impact Weapon . | . . . . . . . . Slashing Weapon . | . . . . . . . . Piercing Weapon . | . . . . . . . . Special Melee Weapon . | . . . . . . . . Unidentified Prototypes 4 | . . 3 . . . 1 . Parts Lost 28 | . . 1 1 7 . 2 17 Power 3 | . . . . . . . 3 Propulsion 12 | . . 1 . 4 . . 7 Utility 6 | . . . 1 1 . 1 3 Weapon 7 | . . . . 2 . 1 4 Highest Loss Streak 6 | . . 1 1 2 . 1 6 To Critical Strikes . | . . . . . . . . Average Backups 8 | 4 7 7 8 9 10 8 9 Power 1 | . 1 1 . 1 2 1 2 Propulsion . | 2 2 . 2 . . 1 . Utility 2 | . 1 1 1 3 5 3 1 Weapon 3 | . 1 3 4 4 3 2 4 Tool/Special . | . . . . . . . . Unused Backups 22 | . 7 . . 1 . 5 9 Power 5 | . 2 . . . . . 3 Propulsion 3 | . 3 . . . . . . Utility 9 | . 1 . . . . 5 3 Weapon 5 | . 1 . . 1 . . 3 Tool/Special . | . . . . . . . . Average Slot Usage (%) 91 | . 100 96 92 94 84 90 84 Engine 9 | . 14 4 4 9 7 14 10 Treads 30 | . 28 37 44 30 30 30 27 Leg 1 | . . 4 . 2 . . . Device 9 | . 14 8 8 8 7 6 8 Storage 8 | . 14 11 11 9 7 7 6 Protection 4 | . . 2 2 7 7 7 4 Energy Gun 2 | . 14 . . . . . . Ballistic Gun 18 | . 12 16 17 22 15 8 19 Ballistic Cannon 2 | . . . . 3 7 7 3 Special Weapon 1 | . . 4 . . . 2 . Peak Build Rating 65 | 7 8 15 13 22 22 49 65 Average Rating 30 | 5 7 10 11 19 22 33 55 On Entrance 16 | . 7 7 11 13 22 22 47 Naked Turns . | . . . . . . . . Heaviest Build 78 | 14 14 24 22 46 35 71 78 Greatest Support 134 | 40 40 80 80 82 82 112 134 Greatest Overweight (x) 1 | 1 . . . 1 . . 1 Average Overweight (x) . | . . . . . . . . Largest Inventory Capacity 25 | 8 25 10 10 10 10 10 10 Average Capacity 9 | 7 8 9 10 10 10 10 10 Most Carried 10 | 7 8 10 9 10 10 10 10 Average Carried 8 | 4 7 7 7 9 10 9 9 Final Capacity 10 | 8 8 10 10 10 10 10 10 Final Carried 10 | 7 7 9 7 10 10 10 8 Class Distribution -------------------- 33% | Tank 25% | Mutant 13% | Scavenger-Tank 12% | Scavenger-Mutant 7% | Scavenger-Skirmisher 5% | Skirmisher Dominant Class ---------------- Mutant | -10/Materials Scavenger-Mutant | -9/Materials Scavenger-Mutant | -9/Mines Scavenger-Tank | -8/Materials Scavenger-Tank | -7/Factory Tank | -7/DSF Tank | -6/Factory Resources | -11 -10 -9 -9 -8 -7 -7 -6 ----------- Run | Yrd Mat Mat Min Mat Fac DSF Fac Matter Collected 2931 | 280 140 284 7 1031 . 261 928 Remotely 122 | 122 . . . . . . . Salvage Created 3668 | 147 309 299 18 1057 . 537 1301 Parts 204 | 7 22 25 3 51 . 21 75 Haulers Intercepted 3 | . 1 1 . 1 . . . Recyclers Shooed 3 | . . . . 2 . . 1 Parts Field Recycled . | . . . . . . . . Retrieved Matter . | . . . . . . . . Parts Self-Destructed . | . . . . . . . . Prevented . | . . . . . . . . Kills | -11 -10 -9 -9 -8 -7 -7 -6 ------- Run | Yrd Mat Mat Min Mat Fac DSF Fac Combat Hostiles Destroyed 72 | . 10 8 3 20 . 7 24 Guns 44 | . 7 6 . 16 . 1 14 Cannons 9 | . . . . 4 . 1 4 AOE 19 | . 3 2 3 . . 5 6 Classes Destroyed 15 | 2 4 1 . 3 . 2 3 Worker 2 | . . . . 1 . . 1 Builder 1 | . . . . . . . 1 Tunneler 2 | 2 . . . . . . . Hauler 3 | . 1 1 . 1 . . . Recycler 1 | 1 . . . . . . . Mechanic 1 | . . . . . . . 1 Operator 1 | . . . . 1 . . . Watcher 1 | . 1 . . . . . . Swarmer 19 | . 6 4 3 . . 3 3 Grunt 30 | . 4 1 . 15 . 2 8 Sentry 9 | . . 3 . 4 . . 2 Specialist 2 | . . . . . . 1 1 Hunter 5 | . . . . 1 . . 4 Programmer 6 | . . . . . . . 6 Heavy 1 | . . . . . . 1 . Best Kill Streak 6 | 2 3 4 3 6 . 3 6 Combat Bots Only 6 | . 3 4 3 6 . 3 5 Max Kills in Single Turn 3 | 1 3 2 2 1 . 3 2 Gunslinging . | . . . . . . . . Exploded 3 | . 3 2 2 . . 2 1 Melee . | . . . . . . . . Uniques/NPCs Destroyed . | . . . . . . . . Combat | -11 -10 -9 -9 -8 -7 -7 -6 -------- Run | Yrd Mat Mat Min Mat Fac DSF Fac Hostile Shots Fired 447 | . 45 41 7 98 . 35 221 Missed 109 | . 6 11 1 24 . 6 61 Hits 338 | . 39 30 6 74 . 29 160 Projectile 338 | . 39 30 6 74 . 29 160 Critical Strikes 11 | . 2 . . 4 . . 5 Damage Taken 6537 | . 438 306 88 1327 . 761 3617 Core 1106 | . 79 15 . 73 . 88 851 Absorbed by Shields . | . . . . . . . . Core Remaining (%) 87 | 100 68 . 96 86 . 87 . Volleys Fired 256 | 7 41 43 2 83 . 22 58 Largest 4 | 2 2 2 2 3 . 3 4 Hottest 145 | 80 100 100 53 100 . 100 145 Shots Fired 629 | 14 77 65 4 230 . 50 189 Gun 516 | 14 72 50 2 203 . 18 157 Cannon 50 | . . . . 19 . 14 17 Launcher 28 | . . 1 2 . . 10 15 Special 35 | . 5 14 . 8 . 8 . Kinetic 514 | . 41 50 2 222 . 32 167 Thermal 78 | 7 34 14 . 8 . 8 7 Explosive 3 | . . 1 2 . . . . Electromagnetic 34 | 7 2 . . . . 10 15 Robot Hit Streak 15 | 5 8 10 5 15 . 8 9 Robot Miss Streak 7 | 1 3 4 . 4 . 6 7 Penetration Max 1 | . . . . . . . 1 Secondary Targets 3 | . . . . 2 . . 1 Max Gunslinging Chain 1 | . . . . 1 . . 1 Shots Hit Robots 387 | 10 50 31 1 171 . 30 94 Core Hits 218 | 4 23 19 3 68 . 32 69 Critical Kills 2 | . . . . 1 . . 1 Critical Parts Destroyed 1 | . . . . 1 . . . Critical Strikes 3 | . . . . 2 . . 1 Destroy 3 | . . . . 2 . . 1 Melee Attacks . | . . . . . . . . Impact . | . . . . . . . . Slashing . | . . . . . . . . Piercing . | . . . . . . . . Sneak Attacks . | . . . . . . . . Combat Hostiles . | . . . . . . . . Follow-up Attacks . | . . . . . . . . Damage Inflicted 7180 | 120 580 435 162 2260 . 982 2641 Guns 4702 | 120 465 340 12 1965 . 123 1677 Cannons 858 | . . . . 294 . 284 280 Explosions 1607 | . 110 93 150 . . 575 679 Melee . | . . . . . . . . Ramming 13 | . 5 2 . 1 . . 5 Kinetic 5048 | . 211 340 12 2259 . 407 1819 Thermal 674 | 45 353 . . . . 35 241 Explosive 243 | . . 93 150 . . . . Electromagnetic 1202 | 75 11 . . . . 540 576 Impact . | . . . . . . . . Slashing . | . . . . . . . . Piercing . | . . . . . . . . Highest Corruption 12 | . . . . 9 . . 12 Average Corruption 5 | . . . . 4 . . 5 Corruption Purged . | . . . . . . . . Corruption Blocked . | . . . . . . . . Effects 78 | . . . . 26 . . 52 Message Errors 26 | . . . . 8 . . 18 Matter Fused 19 | . . . . 9 . . 10 Heat Flow Errors 8 | . . . . 2 . . 6 Energy Discharges 6 | . . . . 1 . . 5 Parts Rejected 2 | . . . . . . . 2 Data Loss (minor) 7 | . . . . 3 . . 4 Data Loss (major) 1 | . . . . . . . 1 Misfires 5 | . . . . 2 . . 3 Alerts 2 | . . . . 1 . . 1 Misdirections 2 | . . . . . . . 2 Overload Shots . | . . . . . . . . Overflow Damage . | . . . . . . . . Projectiles . | . . . . . . . . Explosions . | . . . . . . . . Melee . | . . . . . . . . Knockbacks 19 | . . . . 14 . 2 3 Impact . | . . . . . . . . Kinetic 15 | . . . . 10 . 2 3 Secondary 4 | . . . . 4 . . . Self-Inflicted Damage 290 | . 33 . 34 . . 84 139 Shots 14 | . 1 . 2 . . 3 8 Rammed 6 | . 3 1 . 1 . . 1 Targets Rammed 6 | . 3 1 . 1 . . 1 Kicked . | . . . . . . . . Crushed . | . . . . . . . . Highest Temperature 609 | 54 210 32 . 329 . 30 609 Average Temperature 99 | 24 61 8 . 56 . 9 174 Received Heat Transfer 1059 | . 186 54 . 540 . 9 270 Effects 36 | . . . . 1 . . 35 Shutdowns 12 | . . . . . . . 12 Energy Bleed 2 | . . . . 1 . . 1 Interference 3 | . . . . . . . 3 Matter Decay 2 | . . . . . . . 2 Short Circuit 3 | . . . . . . . 3 Damage (minor) 4 | . . . . . . . 4 Damage (major) 5 | . . . . . . . 5 Damage (core) 5 | . . . . . . . 5 Siege Activations . | . . . . . . . . Martial Activations . | . . . . . . . . Shielding Activations . | . . . . . . . . Robots Disrupted . | . . . . . . . . Combat Hostiles . | . . . . . . . . Robots Corrupted . | . . . . . . . . Combat Hostiles . | . . . . . . . . Parts Fried 2 | . . . . . . 1 1 Impact Corruptions . | . . . . . . . . Robots Melted . | . . . . . . . . Combat Hostiles . | . . . . . . . . Parts Melted 3 | . 2 . . . . . 1 Heat Transferred 1100 | 100 600 . . . . 50 350 Parts Sabotaged . | . . . . . . . . Parts Stolen . | . . . . . . . . Parts Stripped . | . . . . . . . . Power Chain Reactions 5 | . 1 . . . . 3 1 Alert | -11 -10 -9 -9 -8 -7 -7 -6 ------- Run | Yrd Mat Mat Min Mat Fac DSF Fac Maximum Alert Level 1 | . . . . . . . 1 Low Security (%) 88 | 100 100 100 100 100 100 100 71 Level 1 11 | . . . . . . . 28 Level 2 . | . . . . . . . . Level 3 . | . . . . . . . . Level 4 . | . . . . . . . . Level 5 . | . . . . . . . . High Security . | . . . . . . . . Max Security . | . . . . . . . . Peak Influence 295 | 5 97 122 112 155 25 197 295 Initial 102 | . . 38 40 35 20 17 102 Average 65 | 1 22 21 98 46 21 89 109 Influence Increases 2161 | 15 320 230 82 561 5 200 748 Destroy 0b10 Robot/C 1440 | . 200 160 60 400 . 140 480 Destroy 0b10 Robot/NC 80 | 15 10 5 . 15 . 20 15 Destroy Leader 348 | . 44 42 10 92 . 20 140 Successful Hack 5 | . . . . . 5 . . Select Force Hacks 30 | . 30 . . . . . . Disable Machine 105 | . . . . . . 15 90 Destroy Structure 63 | . 6 23 12 9 . 5 8 Lose Combat Pursuer 90 | . 30 . . 45 . . 15 Influence Decreases 1897 | 15 229 217 94 607 26 28 681 Entered New Map 303 | . . 53 64 57 26 8 95 Time Decay 1343 | 15 229 163 20 500 . . 416 Lost Part 251 | . . 1 10 50 . 20 170 Squads Dispatched 16 | . 3 1 . 2 . 1 9 Investigation 1 | . 1 . . . . . . Extermination 6 | . . . . . . . 6 Reinforcement 8 | . 2 1 . 1 . 1 3 Assault . | . . . . . . . . Garrison 1 | . . . . 1 . . . Intercept . | . . . . . . . . Searches Triggered . | . . . . . . . . Construction Impeded 1 | . . . . . . . 1 Haulers Reinforced 1 | . . . . . . . 1 Active Scanning Responses . | . . . . . . . . Cargo Convoy Interrupts 1 | . . . . . . . 1 Stealth | -11 -10 -9 -9 -8 -7 -7 -6 --------- Run | Yrd Mat Mat Min Mat Fac DSF Fac Distress Signals 5 | . . 2 . 1 . . 2 Communications Jammed . | . . . . . . . . Distress Signals . | . . . . . . . . Times Spotted 107 | . 19 13 3 30 . 7 35 Peak Tracking Total 6 | . 4 5 3 6 . 3 5 Tactical Retreats 3 | . 1 . . 1 . . 1 Traps | -11 -10 -9 -9 -8 -7 -7 -6 ------- Run | Yrd Mat Mat Min Mat Fac DSF Fac Traps Triggered 6 | . . . . 2 . 1 3 Indirectly . | . . . . . . . . Trap Hack Attempts . | . . . . . . . . Triggered . | . . . . . . . . Disarmed . | . . . . . . . . Reprogrammed . | . . . . . . . . Reused . | . . . . . . . . Traps Extracted . | . . . . . . . . Installed . | . . . . . . . . Triggered . | . . . . . . . . Machines | -11 -10 -9 -9 -8 -7 -7 -6 ---------- Run | Yrd Mat Mat Min Mat Fac DSF Fac Machines Disabled 7 | . . . . . . 1 6 Max in Single Turn 2 | . . . . . . 1 2 Machines Repaired . | . . . . . . . . Machines Dismantled . | . . . . . . . . Machines Sabotaged . | . . . . . . . . Overloaded Fab Kills . | . . . . . . . . Hacking | -11 -10 -9 -9 -8 -7 -7 -6 --------- Run | Yrd Mat Mat Min Mat Fac DSF Fac Machines Accessed 3 | . 2 . . . 1 . . Terminals 2 | . 1 . . . 1 . . Fabricators . | . . . . . . . . Repair Stations . | . . . . . . . . Recycling Units 1 | . 1 . . . . . . Scanalyzers . | . . . . . . . . Garrison Access . | . . . . . . . . Total Hacks 4 | . 2 . . . 2 . . Successful 3 | . 2 . . . 1 . . Failed 1 | . . . . . 1 . . Catastrophic . | . . . . . . . . Database Lockouts . | . . . . . . . . Manual 1 | . 1 . . . . . . Terminals 3 | . 1 . . . 2 . . Fabricators . | . . . . . . . . Repair Stations . | . . . . . . . . Recycling Units 1 | . 1 . . . . . . Scanalyzers . | . . . . . . . . Garrison Access . | . . . . . . . . Terminal Hacks 2 | . 1 . . . 1 . . Robot Analysis 1 | . 1 . . . . . . Open DSF 1 | . . . . . 1 . . Fabricator Hacks . | . . . . . . . . Repair Station Hacks . | . . . . . . . . Recycling Unit Hacks . | . . . . . . . . Scanalyzer . | . . . . . . . . Garrison Access Hacks . | . . . . . . . . Unauthorized Hacks 1 | . 1 . . . . . . Terminals . | . . . . . . . . Fabricators . | . . . . . . . . Repair Stations . | . . . . . . . . Recycling Units 1 | . 1 . . . . . . Tunnel 1 | . 1 . . . . . . Scanalyzers . | . . . . . . . . Garrison Access . | . . . . . . . . Data Cores Recovered . | . . . . . . . . Used . | . . . . . . . . Hacking Detections . | . . . . . . . . Full Trace Events . | . . . . . . . . Feedback Events . | . . . . . . . . Feedback Blocked . | . . . . . . . . Robot Schematics Acquired . | . . . . . . . . Robots Built . | . . . . . . . . Authchips . | . . . . . . . . Time . | . . . . . . . . Total Robot Build Rating . | . . . . . . . . Part Schematics Acquired . | . . . . . . . . Parts Built . | . . . . . . . . Authchips . | . . . . . . . . Time . | . . . . . . . . Total Part Build Rating . | . . . . . . . . Parts Repaired . | . . . . . . . . Time . | . . . . . . . . Parts Recycled . | . . . . . . . . Recycled Matter . | . . . . . . . . Retrieved Matter . | . . . . . . . . Retrieved Components . | . . . . . . . . Parts Scanalyzed . | . . . . . . . . Part Schematics Acquired . | . . . . . . . . Parts Damaged . | . . . . . . . . Bothacking | -11 -10 -9 -9 -8 -7 -7 -6 ------------ Run | Yrd Mat Mat Min Mat Fac DSF Fac Used RIF Installer . | . . . . . . . . Robots Hacked . | . . . . . . . . Non-combat . | . . . . . . . . Combat . | . . . . . . . . Robot Hacks Applied . | . . . . . . . . Relay Couplers Released 4 | . . . . . . . 4 Programmers 4 | . . . . . . . 4 Fabnet Peak Effective % . | . . . . . . . . Robots Rewired . | . . . . . . . . Allies Hacked . | . . . . . . . . Hacks Repelled . | . . . . . . . . Allies | -11 -10 -9 -9 -8 -7 -7 -6 -------- Run | Yrd Mat Mat Min Mat Fac DSF Fac Total Allies . | . . . . . . . . Largest Group . | . . . . . . . . Highest-Rated Group . | . . . . . . . . Highest-Rated Ally . | . . . . . . . . Total Orders . | . . . . . . . . Ally Attacks . | . . . . . . . . Total Damage . | . . . . . . . . Kills . | . . . . . . . . Allies Corrupted . | . . . . . . . . Allies Melted . | . . . . . . . . Intel | -11 -10 -9 -9 -8 -7 -7 -6 ------- Run | Yrd Mat Mat Min Mat Fac DSF Fac Active Infowar (turns) 5584 | 24 991 894 34 930 . . 2711 Sensors 2711 | . . . . . . . 2711 Seismic 2873 | 24 991 894 34 930 . . . Robot Analysis Total 1 | . 1 . . . . . . Derelict Logs Recovered . | . . . . . . . . Drone Launches . | . . . . . . . . Drone Recoveries . | . . . . . . . . Exploration | -11 -10 -9 -9 -8 -7 -7 -6 ------------- Run | Yrd Mat Mat Min Mat Fac DSF Fac Turns Passed 7140 | 169 991 1169 42 1612 12 279 2866 Spaces Moved 2992 | 84 455 487 18 704 7 99 1138 Core 5 | 5 . . . . . . . Treads 2987 | 79 455 487 18 704 7 99 1138 Legs . | . . . . . . . . Wheels . | . . . . . . . . Hover . | . . . . . . . . Flight . | . . . . . . . . Fastest Speed 50 | 50 160 160 160 156 156 156 157 Average Speed 159 | 154 160 160 160 158 156 158 159 Slowest Speed 240 | 160 160 160 160 240 156 160 240 Overloaded Moves . | . . . . . . . . Propulsion Burnouts . | . . . . . . . . Robots Hopped . | . . . . . . . . Potential Cave-ins . | . . . . . . . . Cave-ins Triggered 1 | . . . . 1 . . . Exploration Rate (%) 38 | 5 62 26 6 58 . 81 29 Regions Visited 7 Branch Regions 1 Pre-discovered Areas 2 | . 1 . 1 . . . . Known Exits Taken 1 | . . . . . 1 . . Unknown Exits Taken 5 | 1 1 1 1 1 . . . Scrap Searched . | . . . . . . . . Spaces Dug 22 | . 2 12 . 8 . . . Terrain Destroyed 61 | . 5 21 14 8 . 5 8 Melee . | . . . . . . . . Projectile 25 | . 2 12 . 8 . . 3 AOE 36 | . 3 9 14 . . 5 5 Terrain Rammed . | . . . . . . . . Walls Destroyed . | . . . . . . . . Machines Disabled . | . . . . . . . . Actions | -11 -10 -9 -9 -8 -7 -7 -6 --------- Run | Yrd Mat Mat Min Mat Fac DSF Fac Total 4820 | 105 648 786 26 1013 8 169 2065 Wait 1354 | . 114 210 2 184 2 17 825 Move 2985 | 83 454 486 17 703 6 98 1138 Hop . | . . . . . . . . Pick Up 50 | 7 9 4 . 14 . 8 8 Fast Attach 24 | 7 . 3 . 3 . . 11 Attach 21 | . . 2 2 9 . 3 5 Detach 4 | . . 3 . 1 . . . Swap 67 | 1 13 23 3 8 . 9 10 Drop 53 | . 14 11 . 7 . 12 9 Fire 256 | 7 41 43 2 83 . 22 58 Melee . | . . . . . . . . Ram . | . . . . . . . . Kick . | . . . . . . . . Crush 6 | . 3 1 . 1 . . 1 Escape Stasis . | . . . . . . . . Rewire . | . . . . . . . . Trap . | . . . . . . . . Miscellaneous . | . . . . . . . . Route ------- -11/Scrapyard -10/Materials (discovered 2 exits: [*Mat x2]) -9/Materials -9/Mines -8/Materials -7/Factory -7/DSF -6/Factory History --------- Turn | Location | Event 6 | -11/Scrapyard | Discovered new exit (range 16) 170 | -11/Scrapyard | Entered Materials 313 | -10/Materials | Build established: Mutant 639 | -10/Materials | Discovered new exit (range 14) 1036 | -10/Materials | Discovered new exit (range 15) 1161 | -10/Materials | Entered another Materials area 1161 | -9/Materials | Evolved 2 slots: Propulsion x2 1965 | -9/Materials | Build established: Scavenger-Mutant 2303 | -9/Materials | Discovered new exit (range 6) 2330 | -9/Materials | Entered Mines 2365 | -9/Mines | Learned location of Storage (-9) 2366 | -9/Mines | Discovered new exit (range 5) 2372 | -9/Mines | Entered Materials 2372 | -8/Materials | Evolved 2 slots: Utility x1, Weapon x1 2972 | -8/Materials | Build established: Tank 3203 | -8/Materials | Garrison activated, responded to threat 3302 | -8/Materials | Crushed by falling debris 3751 | -8/Materials | Build established: Scavenger-Tank 3977 | -8/Materials | Discovered new exit (range 4) 3984 | -8/Materials | Entered Factory 3984 | -7/Factory | Evolved 2 slots: Power x1, Utility x1 3992 | -7/Factory | Identified exit to DSF 3996 | -7/Factory | Entered DSF 4126 | -7/DSF | Additional patrols routed to DSF 4248 | -7/DSF | Discovered new exit (range 16) 4275 | -7/DSF | Entered Factory 4275 | -6/Factory | Evolved 2 slots: Propulsion x1, Weapon x1 4296 | -6/Factory | Build established: Tank 5865 | -6/Factory | Core integrity fell below 50% 5867 | -6/Factory | Core integrity fell below 20% 6134 | -6/Factory | Lost 4 parts (2p1n1w) 6399 | -6/Factory | System corruption reached 10% 6462 | -6/Factory | Build established: Scavenger-Skirmisher 6978 | -6/Factory | Cargo convoy interrupted 7141 | -6/Factory | Destroyed by G-50 Soldier with Heavy Laser Last Messages --------------- Gauss Rifle destroyed. Gravmag System melted. P-60 Hacker destroyed. R-10 Processor collects Remote Datajack. G-50 Soldier destroyed. R-10 Processor collects Corrupted Carbon-fiber Leg. A-15 Conveyor calls for reinforcements. ALERT: Hostile activity reported, dispatching reinforcements to area. |U=D6V4%8DRG4E9RHU5NA|YVBTSC0R4<6HJS K-01 Serf collects debris. U-05 Engineer lays Concrete. Imp. Medium Treads destroyed. Med. Treads destroyed. Angular Momentum Engine destroyed. Imp. Medium Armor Plating destroyed. Phase Shifter destroyed. X-67 Chaingunner destroyed. Lgt. Treads destroyed. Map ----- +----------------------------------------------------+ | # #???????????????????????????????# """" + = | | # #???????????????????????????????# # # | | # #???????????????????????????????# """" ## ## | | # #???????????????????????????????# """" ## T# | | # #???????????????????????????????# """" ## # | | # +???????????????????????????????# """" ## ## | | # #???????????????????????????????# ## #? | | #^^ #???????????????????????????????######### #? | | # #????????????????????????#+############## #? | | # #?????????????????????? #? | | # #??????????????????????# #? | | # #??????????????????????#[ ## | | # #??????????????????????#%= ## | | # #??????????????????????#! ## | | # #??????????????????????# | | # ###????????????????????# ######## | | #????????????????????# ???????# | | [ #????????????????????/ ?????#### | | [ ?????????????# ??????# | | ?????????????# ???????# | | """""" """?????????????# #?###???????# | | """""" ""??????????????# #???????????# " | | """""" "???" ?????????# #???????????# " | | """"???? ??? ????????# #???????????#* " | | """??? ######### #???????????# " | | ## """??? @ g #???????????# | | ?? """??? #???????????#### | | ?? """??? ! !#??????????????? | | ?? ""????? #??????????????? | | ?? ????? #??????????????? | | ?? ?????? R ##??????????????? | | ?? ?????? u #???????????????? | | ???????????? #???????????????? | | ????????????? ####???????????????? | | ????????????? %*#??????????????????? | | ????????????? #??????????????????? | | ????????????? #??????????????????? | | ??????????????########## #??????????????????? | | ??? ??????????????????# =%!#??????????????????? | | ?# ??????????????????# = #??????????????????? | | ?# ??????????????????#p ########???????????? | | ?# ??????????????????# == #???????????? | | ## ###???????????????# =! = #???????????? | | #???????????????# [ #???????????? | | #???????????????# #?######????? | | ! =#???????????????# #? [#????? | | #???????????????# # """ #????? | | ????????######### # "R #????? | | ????????# + " """ #????? | | ????????#! """ # # """ =#????? | +----------------------------------------------------+ Best States ------------- Heat Dissipation 51 Energy Generation 31 Energy Capacity 500 Matter Stores 300 Matter Capacity 300 Sight Range 16 Robot Scan Range 16 Terrain Scan Density 10 Armor Coverage 600 Resistance: KI 30 Resistance: EM 15 Phase Shifting 5 Evasion (%) 45 Recoil Reduction 8 Authchip Count 2 Item Schematics ----------------- None Robot Schematics ------------------ None Fabricated ------------ Nothing Repaired ---------- Nothing Alien Tech Used ----------------- None Achievements -------------- None Challenges ------------ None Game ------ Seed FissionSwordKinecellerator Manual? 0 Play Time 00:57:26 Cumulative 35.9 hours Start 2025.07.26 @ 10:13:03 End 2025.07.26 @ 11:17:30 Sessions 1 Manual Loads 0 Difficulty Rogue Special Mode None Game No. 65 Rogue 63 Adventurer 0 Explorer 2 Win Type - Total 0 Types 0/0/0/0/0/0/0/0/0/0 Lore% 32 Gallery% 28 Achievement% 29 Wizard Run 0 Options --------- Layout 1 ASCII 0 Keyboard 1 Movement Numpad Keybinds 0 Fullscreen 1 Font 24/Smallcaps Map View 50x40 Zoom Use 0% Tactical HUD 0 Map Filters NONE Filters NONE Steam 1 RUN: 8e051eeb-2295-4d43-87db-49b04c6c79c8